 Dungeon Sprint DCSS version 0.31-a0-664-g902f515a81 (webtiles) character file.

Game seed: 14264263009098905525

8375 rocky1 the Grappler (level 11, -3/93 HPs)
             Began as a Djinni Shapeshifter on Sept 3, 2023.
             Was an Initiate of Gozag.
             Slain by a death cob (15 damage)
             ... in the Dungeon (Sprint VII: "The Pits").
             The game lasted 00:08:25 (2430 turns).

rocky1 the Grappler (Djinni Shapeshifter)           Turns: 2430, Time: 00:08:27

Health: -3/93      AC: 15    Str: 15    XL:     11   Next: 54%
Gold:   2609       EV: 15    Int: 19    God:    Gozag SH:  0 Dex: 17

rFire   + +          +
                       - Unarmed
rCold   x . .        (no shield)
rNeg    . . .        v - +1 chain mail of the Winnowing Gods {rF++ Int+4 Dex+5}
rPois   ∞            (helmet currently unavailable)
rElec   .            (cloak currently unavailable)
rCorr   .            (gloves currently unavailable)
SInv    .            (boots unavailable)
Will    +....        (no amulet) Stlth
                     n - +3 ring of evasion
HPRegen 0.35/turn    o - +3 ring of protection
MPRegen 0.00/turn

%: no teleportation, infuse magic (-4 HP)
@: beast-form, flying, slowed, invisible, very slow
A: beast (slay +4), flying, sickness immunity, fire resistance 2, cold
vulnerability 1, float, innate caster, HP casting, extra vitality 1
a: Begin Untransformation, Renounce Religion, Potion Petition, Call Merchant,
Bribe Branch


You were in the Dungeon.
You worshipped Gozag.
Gozag was most pleased with you.
You were a hulking beast.
You visited 1 branch You collected 4005 gold pieces.
You spent 686 gold pieces at shops.
You paid 710 gold pieces to Gozag.

Inventory:

Hand Weapons
 m - a +2 scimitar of flaming
Armour
 a - a +0 cloak
 q - a +0 helmet
 t - a +1 pair of gloves of hurling
 v - the +1 chain mail of the Winnowing Gods (worn) {rF++ Int+4 Dex+5}
   (You bought it in a shop in the Dungeon)

   Int+4:     It affects your intelligence (+4).
   Dex+5:     It affects your dexterity (+5).
   rF++:      It greatly protects you from fire.
Jewellery
 n - a +3 ring of evasion (left hand)
 o - a +3 ring of protection (right hand)
Talismans
 c - a beast talisman (active)
 d - a flux talisman
Scrolls
 k - 2 scrolls of vulnerability
 l - a scroll of summoning
 u - a scroll of poison {unknown}
Potions
 b - a potion of lignification
 e - 9 potions of curing
 f - 5 potions of heal wounds
 j - a potion of invisibility
 p - a potion of brilliance


   Skills:
 * Level 13.9 Fighting
 + Level 10.1 Armour
 + Level 11.2 Dodging
 * Level 14.2 Unarmed Combat
 + Level 3.3 Spellcasting
 + Level 3.3 Conjurations
 + Level 3.3 Hexes
   Level 0.0 Charms
 + Level 3.3 Summonings
 + Level 3.3 Necromancy
 + Level 3.3 Translocations
 + Level 3.3 Transmutations
 + Level 3.3 Fire Magic
 + Level 3.3 Ice Magic
 + Level 3.3 Air Magic
 + Level 3.3 Earth Magic
 + Level 3.3 Poison Magic
 - Level 10.6 Shapeshifting


You knew the following spells:

 Your Spells              Type           Power      Damage    Failure   Level
a - Foxfire               Conj/Fire      60%        2x1d7     34%         1
b - Passwall              Tmut/Erth      12%        N/A       45%         2
c - Inner Flame           Hex/Fire       15%        N/A       71%         3
d - Summon Lightning Spi  Summ/Air       15%        N/A       98%         4
e - Sticky Flame          Conj/Fire      15%        2d4       98%         4
Your spell library was empty.

Dungeon Overview and Level Annotations

Branches:
Dungeon (1/1)

Altars:
Ashenzari
Cheibriados
Dithmenos
Elyvilon
Fedhas
Gozag
Hepliaklqana
Makhleb
Nemelex Xobeh
Okawaru
Qazlal
Ru
Trog
Uskayaw
Wu Jian
Xom
Yredelemnul
Zin
The Shining One
Jiyva
Lugonu

Shops:
D *


Innate Abilities, Weirdness & Mutations

You are a hulking beast.
Your limbs bulge with bestial killing power. (Slay +4)
You are flying.
You are immune to sickness and miasma.
You are immune to poison.
Your flesh is very heat resistant. (rF++)
You are vulnerable to cold. (rC-)
You float through the air rather than walking.
You learn spells naturally, not from books.
Your magical power is your life essence.
You have superior vitality. (+4 MHP)


Message History

You punch the death cob!
The death cob is moderately damaged.
The death cob completely misses you.
You strike the helpless death cob from behind!
You pummel the death cob!!
The death cob is heavily damaged.
You feel yourself slow down. The death cob hits you!
* * * LOW HITPOINT WARNING * * *
The death cob drains your vigour!
You feel as though you will be slow longer.
The death cob barely misses you.
You hit the death cob.
The death cob is heavily damaged.
The death cob barely misses you. The death cob misses you.
The death cob hits you but does no damage.
You pummel the death cob!!
The death cob is severely damaged.
The death cob hits you but does no damage.
The death cob barely misses you. x2
You catch the helpless death cob completely off-guard!
You punch the death cob!
The death cob is almost destroyed.
The death cob hits you!
* * * LOW HITPOINT WARNING * * *
The death cob drains your vigour!
You feel as though you will be slow longer.
The death cob hits you but does no damage.
The death cob hits you.
* * * LOW HITPOINT WARNING * * *
The death cob drains your vigour!
You feel as though you will be slow longer.
Unknown command.
You feel much better. The death cob hits you. The death cob drains your vigour!
You feel as though you will be slow longer.
The death cob hits you!!
* * * LOW HITPOINT WARNING * * *
The death cob hits you!
You die...
Your body crumbles into a pile of gold.

#..#'#.........
#..##.##.....#...#
#.##...##...## ..#
###.....##.##
##.##
##[.....#...#
#...#
)').....'...+
+...+
##[.....#...# .M.#
###.....##.## ##z#
#.##...##...###.h#
#..##)##.....#...#
#..#+#.........##
#.[....###...##
######## #####


You could see a death cob (unable to see you) and a guardian mummy (unable to
see you).

Vanquished Creatures
  A two-headed ogre (D)
  A death yak (D)
  A sea snake (D)
  2 sixfirhies (D)
  A flayed ghost (D)
  A deep troll (D)
  A lindwurm (D)
  An orc sorcerer (D)
  A manticore (D)
  A gargoyle (D)
  An efreet (D)
  An ice devil (D)
  A hornet (D)
  A ynoxinul (D)
  2 spriggans (D)
  2 fire bats (D)
  Edmund (D)
  A floating eye (D)
  2 orc warriors (D)
  2 ogres (D)
  A centaur (D)
  A necrophage (D)
  8 wights (D)
  A quasit (D)
  2 orc priests (D)
  2 iguanas (D)
  An orc wizard (D)
  A river rat (D)
  An ufetubus (D)
  A worm (D)
  5 orcs (D)
  2 giant cockroaches (D)
  A hobgoblin (D)
  3 jackals (D)
  2 kobolds (D)
  A ball python (D)
  A ball python skeleton (D)
  A ball python zombie (D)
60 creatures vanquished.

Notes
Turn   | Place    | Note
-------+----------+-------------------------------------------
     0 | D        | rocky1 the Djinni Shapeshifter began the quest for the Orb.
     0 | D        | Reached XP level 1. HP: 17/17 MP: 0/0
    20 | D        | Reached skill level 1 in Armour
    20 | D        | Reached XP level 2. HP: 8/23 MP: 0/0
    86 | D        | Found a bloodstained altar of Trog.
    86 | D        | Found a viscous altar of Jiyva.
    86 | D        | Found a hazy altar of Hepliaklqana.
    86 | D        | Found an opulent altar of Gozag.
   109 | D        | Found a glowing golden altar of the Shining One.
   109 | D        | Found a glowing silver altar of Zin.
   109 | D        | Found a basalt altar of Yredelemnul.
   109 | D        | Found a shimmering altar of Xom.
   109 | D        | Found an ornate altar of the Wu Jian Council.
   109 | D        | Found a sacrificial altar of Ru.
   109 | D        | Found a stormy altar of Qazlal.
   109 | D        | Found an iron altar of Okawaru.
   109 | D        | Found a sparkling altar of Nemelex Xobeh.
   109 | D        | Found a burning altar of Makhleb.
   109 | D        | Found a blossoming altar of Fedhas.
   109 | D        | Found a white marble altar of Elyvilon.
   109 | D        | Found a shadowy altar of Dithmenos.
   109 | D        | Found a snail-covered altar of Cheibriados.
   113 | D        | Found a corrupted altar of Lugonu.
   114 | D        | Found a broken altar of Ashenzari.
   114 | D        | Found a hide-covered altar of Uskayaw.
   116 | D        | Became a worshipper of Gozag Ym Sagoz the Greedy
   125 | D        | Noticed a floating eye
   128 | D        | Paralysed by a floating eye for 2 turns
   138 | D        | Paralysed by a floating eye for 3 turns
   142 | D        | Killed a floating eye
   143 | D        | Reached skill level 5 in Unarmed Combat
   143 | D        | Reached XP level 3. HP: 30/31 MP: 0/0
   143 | D        | Learned a level 1 spell: Foxfire
   143 | D        | Reached XP level 4. HP: 37/38 MP: 0/0
   143 | D        | Reached XP level 5. HP: 41/42 MP: 0/0
   143 | D        | Learned a level 2 spell: Passwall
   293 | D        | Reached skill level 5 in Fighting
   293 | D        | Reached skill level 6 in Unarmed Combat
   293 | D        | Reached skill level 5 in Shapeshifting
   440 | D        | Noticed a centaur
   441 | D        | Noticed an orc warrior
   441 | D        | Noticed Edmund
   441 | D        | Noticed a fire bat
   451 | D        | Reached XP level 6. HP: 41/49 MP: 0/0
   457 | D        | Reached skill level 5 in Dodging
   464 | D        | Killed a fire bat
   465 | D        | Reached skill level 7 in Unarmed Combat
   465 | D        | Reached XP level 7. HP: 35/58 MP: 0/0
   465 | D        | Learned a level 3 spell: Inner Flame
   470 | D        | Reached skill level 5 in Armour
   470 | D        | Reached skill level 8 in Unarmed Combat
   480 | D        | Killed Edmund
   731 | D        | Reached skill level 9 in Unarmed Combat
   731 | D        | Reached XP level 8. HP: 23/66 MP: 0/0
   871 | D        | Noticed an orc sorcerer
   875 | D        | Noticed a hellwing
   876 | D        | Killed an orc sorcerer
   897 | D        | Noticed a fire bat
   914 | D        | Killed a fire bat
   915 | D        | Reached skill level 10 in Unarmed Combat
   915 | D        | Reached XP level 9. HP: 52/73 MP: 0/0
   915 | D        | Learned a level 4 spell: Summon Lightning Spire
   979 | D        | Noticed an efreet
   979 | D        | Noticed a two-headed ogre
   989 | D        | Killed a two-headed ogre
   990 | D        | Reached skill level 10 in Fighting
   995 | D        | Killed an efreet
   996 | D        | Reached skill level 11 in Unarmed Combat
  1242 | D        | Bought a bloodstained chain mail for 237 gold pieces
  1242 | D        | Identified the +0 chain mail "Hefujiyp" {rF+} (You bought
                  | it in a shop in the Dungeon)
  1242 | D        | Bought a pair of embroidered gloves for 187 gold pieces
  1242 | D        | Bought a scroll labelled TAJ NUOKOMOH for 25 gold pieces
  1242 | D        | Bought an encrusted chain mail for 237 gold pieces
  1242 | D        | Identified the +1 chain mail of the Winnowing Gods {rF++
                  | Int+4 Dex+5} (You bought it in a shop in the Dungeon)
  1321 | D        | Noticed a flayed ghost
  1322 | D        | Noticed a gargoyle
  1333 | D        | Killed a flayed ghost
  1334 | D        | Reached XP level 10. HP: 61/83 MP: 0/0
  1347 | D        | Killed a gargoyle
  1348 | D        | Reached skill level 10 in Shapeshifting
  1566 | D        | Noticed a sea snake
  1566 | D        | Noticed a manticore
  1577 | D        | Killed a sea snake
  1578 | D        | Reached skill level 12 in Unarmed Combat
  1585 | D        | Killed a manticore
  1743 | D        | Noticed a death yak
  1744 | D        | Noticed a sixfirhy
  1755 | D        | Killed a death yak
  1756 | D        | Reached skill level 10 in Dodging
  1756 | D        | Reached skill level 1 in Spellcasting
  1756 | D        | Reached skill level 1 in Conjurations
  1756 | D        | Reached skill level 1 in Hexes
  1756 | D        | Reached skill level 1 in Summonings
  1756 | D        | Reached skill level 1 in Necromancy
  1756 | D        | Reached skill level 1 in Translocations
  1756 | D        | Reached skill level 1 in Transmutations
  1756 | D        | Reached skill level 1 in Fire Magic
  1756 | D        | Reached skill level 1 in Ice Magic
  1756 | D        | Reached skill level 1 in Air Magic
  1756 | D        | Reached skill level 1 in Earth Magic
  1756 | D        | Reached skill level 1 in Poison Magic
  1760 | D        | Killed a sixfirhy
  1761 | D        | Reached skill level 13 in Unarmed Combat
  1761 | D        | Reached XP level 11. HP: 50/91 MP: 0/0
  1761 | D        | Learned a level 4 spell: Sticky Flame
  2027 | D        | Noticed a sixfirhy
  2028 | D        | Noticed a lindwurm
  2035 | D        | Killed a sixfirhy
  2041 | D        | Killed a lindwurm
  2106 | D        | Noticed a deep troll
  2119 | D        | Killed a deep troll
  2120 | D        | Reached skill level 14 in Unarmed Combat
  2340 | D        | Noticed a spriggan rider
  2378 | D        | Killed a spriggan rider
  2379 | D        | Reached skill level 10 in Armour
  2417 | D        | Noticed a death cob
  2430 | D        | Slain by a death cob

Illustrated notes

Levels and vault maps discovered:
D:        pitsprint [storerooms_1, entrance_room_1, metal_vault_3, armoury_1,
          mini_pit_1, grid_room_1, main_hall_1, silver_pit, the_coven_2,
          the_vestibule_1, steel_vault_3, golden_pit, hallway_of_sentries,
          crystal_vault_1, iron_vault_1, final_vault]

Skill      XL: |  1  2  3  4  5  6  7  8  9 10 11 |
---------------+----------------------------------+-----
Fighting       | 2 4 5 7 8 9 11 12 13 | 13.9
Armour         | 1 3 4 5 6 7 9 10 | 10.1
Shapeshifting  | 3 4 5 6 7 8 9 10 | 10.6
Dodging        | 4 5 6 7 9 10 11 | 11.2
Unarmed Combat | 5 6 7 9 10 11 13 14 | 14.2
Spellcasting   | 1 3 |  3.3
Conjurations   | 1 3 |  3.3
Hexes          | 1 3 |  3.3
Summonings     | 1 3 |  3.3
Necromancy     | 1 3 |  3.3
Translocations | 1 3 |  3.3
Transmutations | 1 3 |  3.3
Fire Magic     | 1 3 |  3.3
Ice Magic      | 1 3 |  3.3
Air Magic      | 1 3 |  3.3
Earth Magic    | 1 3 |  3.3
Poison Magic   | 1 3 |  3.3

Action                     |  1- 3 |  4- 6 |  7- 9 | 10-12 || total
---------------------------+-------+-------+-------+-------++-------
  Melee: Unarmed           |    18 |    53 |    75 |   108 ||   254
         Punch             |       |     1 |     9 |    11 ||    21
 Invoke: Call Merchant     |       |       |     1 |       ||     1
    Use: Potion            |     1 |       |     3 |     9 ||    13
         Scroll            |       |       |       |     1 ||     1
   Stab: Invisible         |       |       |       |     2 ||     2
 Armour: Animal skin       |    14 |    16 |       |       ||    30
         Chain mail        |       |    14 |    50 |    80 ||   144
  Dodge: Dodged            |    16 |    37 |    23 |    61 ||   137

Table legend: (Time is in decaauts)
 A = Elapsed time spent in this place.
 B = Non-inter-level travel time spent in this place.
 C = Inter-level travel time spent in this place.
 D = Time resting spent in this place.
 E = Time spent auto-exploring this place.
 F = Levels seen in this place.
 G = Mean time per level.
                   A        B        C        D        E       F      G
               +--------+--------+--------+--------+--------+-----+--------+
         Total |   2395 |   2337 |     58 |   1592 |      0 |   1 | 2395.0 |
       Dungeon |   2395 |   2337 |     58 |   1592 |      0 |   1 | 2395.0 |
               +--------+--------+--------+--------+--------+-----+--------+

Top non-repeatable levels by time:
       D: 2395 daAuts
